Map: Deathaura LE

Players

Geralt (Gerald) - Winner!

  • Race: Protoss Protoss
  • League: Grandmaster
  • Spawn Location: 5:00

ShaDoWn

  • Race: Protoss Protoss
  • League: Master
  • Spawn Location: 11:00

Event: DreamHack SC2 Masters 2020 Winter

VOD

Have the link to the VOD?

Description

Time

  • Played on: Oct. 30, 2020, 12:35 p.m.
  • Length: 12:34

All games in this series

Show
View Real Time Build Order
Export as new Build Order

Geralt Protoss - Winner!

Build Orders: Blink Stalkers 

Get SALT Encoding   

  12  0:00  Probe  
  13  0:12  Probe  
  14  0:17  Pylon  
  14  0:24  Probe (Chrono Boost)  
  16  0:36  Probe (Chrono Boost)  
  16  0:37  Gateway  
  16  0:43  Probe (Chrono Boost)  
  16  0:45  Assimilator  
  17  0:51  Probe  
  17  0:55  Assimilator  
  18  1:03  Probe (Chrono Boost)  
  19  1:06  Gateway  
  19  1:13  Probe (Chrono Boost)  
  19  1:17  Probe (Chrono Boost)  
  20  1:24  Cybernetics Core  
  21  1:29  Probe  
  21  1:32  Pylon  
  22  1:41  Probe  
  23  1:53  Probe  
  24  2:00  Warp Gate, Adept x2  
  28  2:05  Probe  
  28  2:07  Pylon  
  29  2:17  Pylon, Probe  
  30  2:25  Shield Battery  
  30  2:31  Stalker  
  30  2:32  Stalker  
  30  2:36  Probe  
  35  2:47  Shield Battery  
  35  2:48  Probe  
  37  3:10  Nexus  
  36  3:19  Probe  
  37  3:23  Twilight Council  
  35  3:35  Stalker  
  35  3:39  Stalker  
  39  3:52  Blink (Chrono Boost)  
  39  3:55  Probe  
  38  4:02  Gateway  
  36  4:08  Shield Battery  
  36  4:18  Stalker  
  36  4:21  Probe  
  36  4:22  Stalker  
  36  4:23  Probe  
  42  4:33  Probe  
  41  4:41  Probe  
  41  4:44  Forge  
  41  4:45  Probe  
  43  4:54  Probe  
  43  4:55  Probe  
  43  4:57  Adept x2  
  49  5:03  Probe  
  49  5:04  Pylon  
  49  5:06  Probe  
  50  5:13  Probe  
  51  5:19  Probe  
  51  5:20  Protoss Ground Weapons Level 1 (Chrono Boost)  
  53  5:22  Photon Cannon  
  53  5:25  Probe  
  53  5:27  Stalker  
  56  5:29  Sentry  
  56  5:32  Probe  
  59  5:37  Robotics Facility  
  59  5:41  Assimilator, Probe  
  60  5:44  Probe  
  61  5:53  Probe  
  61  5:54  Pylon  
  60  6:07  Nexus  
  60  6:09  Pylon  
  60  6:13  Gateway  
  60  6:15  Probe  
  60  6:17  Probe  
  60  6:23  Stalker x2  
  64  6:27  Probe  
  64  6:31  Stalker  
  68  6:32  Probe  
  68  6:36  Pylon  
  68  6:39  Probe  
  69  6:46  Probe  
  70  6:48  Immortal  
  70  6:51  Probe  
  73  6:59  Probe  
  73  7:00  Stalker x2  
  74  7:03  Charge, Probe  
  74  7:04  Shield Battery  
  74  7:06  Sentry  
  77  7:11  Probe  
  78  7:15  Probe  
  78  7:19  Gateway  
  78  7:21  Protoss Ground Weapons Level 2 (Chrono Boost)  
  79  7:24  Gateway  
  79  7:33  Gateway  
  79  7:34  Observer  
  80  7:37  Gateway  
  80  7:43  Stalker x2  
  84  7:47  Photon Cannon  
  84  7:50  Photon Cannon  
  84  7:57  Stalker x2  
  88  8:01  Observer (Chrono Boost)  
  89  8:05  Assimilator  
  89  8:07  Assimilator  
  89  8:08  Stalker  
  89  8:09  Pylon  
  89  8:10  Stalker  
  93  8:19  Warp Prism (Chrono Boost), Probe x2  
  95  8:20  Probe  
  98  8:31  Robotics Bay, Probe  
  99  8:36  Zealot x4  
  107  8:42  Zealot  
  107  8:45  Observer  
  107  8:46  Pylon  
  107  8:47  Pylon  
  109  8:58  Pylon  
  109  9:02  Dark Shrine  
  109  9:04  Probe  
  110  9:15  Zealot x7  
  124  9:17  Zealot  
  124  9:21  Probe x2  
  126  9:44  Zealot x3  
  126  9:45  Zealot  
  132  9:54  Disruptor  
  132  9:57  Pylon  
  132  9:58  Pylon  
  127  10:01  Pylon  
  127  10:02  Pylon  
  127  10:05  Pylon  
  125  10:07  Nexus  
  125  10:09  Pylon  
  125  10:10  Pylon  
  125  10:24  Dark Templar x4  
  125  10:25  Dark Templar x4  
  125  10:27  Disruptor (Chrono Boost)  
  120  10:43  Probe  
  120  10:44  Probe  
  120  10:46  Robotics Facility  
  120  11:02  Probe x2  
  120  11:04  Probe  
  113  11:07  Photon Cannon  
  113  11:08  Photon Cannon  
  111  11:13  Stalker x7  
  111  11:14  Stalker, Probe  
  111  11:16  Probe x2  
  126  11:22  Photon Cannon, Disruptor  
  126  11:24  Probe  
  130  11:26  Probe  
  121  11:46  Zealot x4  
  121  11:47  Zealot x4  
  130  11:55  Disruptor  
  130  11:57  Disruptor  
  114  12:11  Stalker x8  
  126  12:22  Probe x2  
  128  12:26  Assimilator x2  
Show
View Real Time Build Order
Export as new Build Order

ShaDoWn Protoss 

Build Orders: Oracle Opening 

Get SALT Encoding   

  12  0:00  Probe  
  13  0:13  Probe  
  14  0:19  Pylon  
  14  0:25  Probe  
  15  0:37  Gateway, Probe (Chrono Boost)  
  16  0:47  Assimilator  
  16  0:48  Probe (Chrono Boost)  
  17  0:52  Probe (Chrono Boost)  
  17  0:55  Assimilator  
  18  1:03  Probe (Chrono Boost)  
  19  1:10  Gateway  
  19  1:14  Probe (Chrono Boost)  
  20  1:19  Probe (Chrono Boost)  
  21  1:25  Cybernetics Core  
  21  1:29  Probe  
  22  1:36  Pylon  
  22  1:41  Probe  
  23  1:54  Probe  
  24  2:01  Stargate  
  24  2:04  Warp Gate  
  24  2:09  Probe  
  24  2:10  Pylon  
  24  2:13  Stalker  
  29  2:23  Stalker  
  29  2:28  Probe  
  30  2:49  Oracle (Chrono Boost)  
  33  3:01  Nexus  
  33  3:03  Probe  
  34  3:10  Shield Battery  
  36  3:27  Probe  
  34  3:39  Probe  
  28  3:51  Probe (Chrono Boost)  
  28  4:01  Twilight Council, Probe (Chrono Boost)  
  28  4:07  Probe (Chrono Boost)  
  29  4:10  Sentry  
  29  4:11  Stalker  
  29  4:13  Probe (Chrono Boost)  
  34  4:23  Probe x2 (Chrono Boost)  
  38  4:31  Probe (Chrono Boost)  
  38  4:35  Probe (Chrono Boost)  
  38  4:37  Probe (Chrono Boost)  
  39  4:39  Blink  
  39  4:42  Probe (Chrono Boost)  
  39  4:44  Probe  
  38  4:53  Probe  
  38  4:56  Probe  
  40  5:01  Forge  
  40  5:06  Stalker, Probe  
  43  5:08  Probe (Chrono Boost)  
  44  5:17  Pylon  
  44  5:21  Probe (Chrono Boost)  
  46  5:23  Probe (Chrono Boost)  
  46  5:26  Robotics Facility  
  46  5:34  Protoss Ground Weapons Level 1 (Chrono Boost), Probe (Chrono Boost)  
  46  5:38  Assimilator  
  46  5:39  Probe (Chrono Boost)  
  46  5:41  Pylon  
  48  5:45  Stalker x2  
  48  5:46  Probe (Chrono Boost)  
  48  5:47  Pylon  
  54  5:51  Probe (Chrono Boost)  
  54  5:55  Pylon  
  54  5:58  Probe  
  54  6:00  Probe  
  54  6:10  Probe  
  54  6:11  Immortal (Chrono Boost)  
  55  6:12  Probe  
  55  6:16  Pylon  
  60  6:22  Probe  
  60  6:24  Probe  
  62  6:29  Pylon  
  61  6:34  Probe  
  61  6:35  Stalker, Sentry  
  61  6:37  Probe  
  66  6:46  Probe  
  67  6:50  Nexus  
  66  6:59  Probe  
  66  7:01  Charge, Probe  
  68  7:03  Stalker  
  68  7:05  Stalker  
  68  7:07  Assimilator  
  72  7:10  Nexus  
  72  7:11  Pylon, Probe  
  72  7:13  Probe  
  74  7:19  Gateway  
  74  7:22  Gateway, Observer  
  75  7:23  Probe  
  75  7:25  Probe  
  77  7:35  Probe  
  77  7:36  Pylon  
  78  7:37  Probe  
  79  7:47  Probe  
  79  7:49  Pylon, Protoss Ground Weapons Level 2 (Chrono Boost), Probe  
  81  7:52  Shield Battery  
  81  7:53  Stalker  
  83  7:59  Probe  
  83  8:01  Probe  
  85  8:07  Stalker  
  85  8:11  Probe  
  88  8:13  Gateway x2, Probe  
  88  8:15  Stalker  
  88  8:16  Stalker  
  93  8:23  Shield Battery  
  93  8:28  Probe  
  93  8:33  Probe  
  99  8:35  Probe  
  99  8:40  Assimilator, Pylon  
  99  8:41  Assimilator, Probe  
  97  8:42  Robotics Facility  
  97  8:43  Robotics Bay  
  97  8:45  Observer, Probe  
  97  8:47  Pylon, Probe  
  100  8:49  Photon Cannon  
  100  8:54  Stalker x2  
  104  8:59  Stalker x2  
  108  9:06  Pylon  
  108  9:10  Photon Cannon  
  108  9:16  Stalker x2  
  111  9:27  Disruptor (Chrono Boost), Zealot x4  
  111  9:30  Pylon  
  118  9:40  Zealot x2  
  119  9:46  Probe  
  119  9:49  Zealot x2  
  119  9:50  Zealot x2  
  121  9:55  Disruptor (Chrono Boost)  
  121  9:58  Probe  
  119  10:00  Probe  
  119  10:01  Probe  
  119  10:02  Disruptor (Chrono Boost)  
  124  10:10  Probe  
  122  10:25  Zealot  
  122  10:26  Zealot x2  
  125  10:30  Nexus  
  121  10:41  Stalker x2, Observer (Chrono Boost)  
  114  10:43  Probe  
  115  11:05  Pylon  
  115  11:07  Pylon  
  115  11:10  Nexus  
  113  11:15  Pylon  
  113  11:30  Photon Cannon  
  113  11:31  Pylon  
  113  11:32  Shield Battery  
  111  11:33  Pylon, Observer, Probe x2  
  104  11:44  Stalker x3  
  104  11:45  Probe x2  
  104  11:46  Photon Cannon  
  106  11:49  Pylon  
  106  11:52  Probe  
  103  11:57  Probe  
  103  11:59  Probe  
  95  12:08  Probe  
  81  12:09  Probe  
  81  12:11  Probe  
  81  12:12  Stalker x3  
  79  12:20  Probe  
  79  12:21  Probe  
  78  12:25  Pylon  
Tags
 
Add a new tag
Caveats
  • Supply blocks, unpowered buildings, or Contaminate may cause inaccurate times.
  • Supply counts are checked every 10 seconds.